 Dungeon Crawl Stone Soup version 0.28.0 (webtiles) character file.

Game seed: 1282974039501287630

16 browni3141 the Skirmisher (level 2, -6/40 HPs)
             Began as a Minotaur Berserker on Feb 15, 2022.
             Was a Follower of Trog.
             Mangled by Terence (8 damage)
             ... on level 2 of the Dungeon.
             The game lasted 00:00:26 (1005 turns).

browni3141 the Skirmisher (Minotaur Berserker)      Turns: 1005, Time: 00:00:27

Health: -6/40      AC:  2    Str: 21    XL:     2   Next: 41%
Magic:  1/1        EV:  7    Int:  4    God:    Trog [*.....]
Gold:   96         SH:  9    Dex:  9    Spells: 1/1 levels left

rFire   . . .      SeeInvis .   a - +0 hand axe
rCold   . . .      Faith    .   f - +0 tower shield
rNeg    . . .      Spirit   .   b - +0 animal skin
rPois   .          Reflect  .   (helmet restricted)
rElec   .          Harm     .   (no cloak)
rCorr   .          Rampage  .   (no gloves)
Will    .....                   (no boots)
Stlth   ..........              (no amulet)
HPRegen 0.13/turn               (no ring)
MPRegen 0.07/turn               (no ring)

@: berserking, very quick
A: horns 2, retaliatory headbutt
a: Renounce Religion, Berserk


You were on level 2 of the Dungeon.
You worshipped Trog.
Trog was aware of your devotion.
You visited 1 branch of the dungeon, and saw 2 of its levels.

You collected 96 gold pieces.

Inventory:

Hand Weapons
 a - a +0 hand axe (weapon)
Armour
 b - a +0 animal skin (worn)
 f - a +0 tower shield (worn)
Scrolls
 c - a scroll of teleportation {unknown}
 e - a scroll of identify {unknown}
Potions
 d - a potion of degeneration {unknown}


   Skills:
 + Level 3.9 Fighting
 + Level 3.9 Axes
 + Level 2.9 Armour
 - Level 2.5 Dodging
 * Level 0.1 Shields


You had one spell level left.
You didn't know any spells.
Your spell library was empty.

Dungeon Overview and Level Annotations

Branches:
Dungeon (2/15)

Altars:

Annotations:
D:2 Terence


Innate Abilities, Weirdness & Mutations

You have a pair of horns on your head.
You reflexively headbutt those who attack you in melee.


Message History

You block the frilled lizard's attack. x2
A frilled lizard is nearby!
You closely miss the frilled lizard. You block the frilled lizard's attack.
A frilled lizard is nearby!
A frilled lizard is nearby!
You slash the frilled lizard!
You kill the frilled lizard!
Trog accepts your kill.
No target in view!
You now have 96 gold pieces (gained 6).
Found a dagger.
Terence the Incautious comes into view.
He is wielding a +0 hand axe.
Terence is nearby!
Terence is nearby!
You hit Terence but do no damage. Terence hits you with a +0 hand axe!
Terence is nearby!
Terence is nearby!
You hit Terence but do no damage. You headbutt Terence.
Terence is lightly wounded.
Terence completely misses you.
A rat comes into view.
You block Terence's attack.
You slash Terence! Your headbutt misses Terence.
Terence is heavily wounded.
Terence hits you with a +0 hand axe. x2
There are monsters nearby!
You hit Terence.
Terence is severely wounded.
Terence hits you with a +0 hand axe!
* * * LOW HITPOINT WARNING * * *
There are monsters nearby!
Unknown command.
A red film seems to cover your vision as you go berserk!
You feel yourself moving faster!
You feel mighty! Terence hits you with a +0 hand axe.
* * * LOW HITPOINT WARNING * * *
You hit Terence but do no damage. Your headbutt misses Terence.
Terence is severely wounded.
Terence hits you with a +0 hand axe!
You die...

##......#
#......#
######.# #.# #
######.####.#
#...........#
#...)......##
#..........##
#....@.......#
#.$..@...#.#..
#....r...#.# .
#........### #
#........#
#....###.#
#.... .≈ #....
.#


You could see Terence and a rat.

Vanquished Creatures
  A dart slug (D:1)
  A ball python (D:1)
  3 endoplasms (D:1)
  A goblin (D:2)
  A kobold (D:1)
  A bat (D:1)
  3 frilled lizards
  4 rats (D:1)
15 creatures vanquished.

Notes
Turn   | Place    | Note
-------+----------+-------------------------------------------
     0 | D:1      | browni3141 the Minotaur Berserker began the quest for the
                  | Orb.
     0 | D:1      | Reached XP level 1. HP: 19/19 MP: 0/0
   489 | D:1      | Reached XP level 2. HP: 27/27 MP: 1/1
   996 | D:2      | Noticed Terence
  1004 | D:2      | HP: 2/40 [Terence (5)]
  1005 | D:2      | Mangled by Terence

Illustrated notes

Levels and vault maps discovered:
D:1:      minmay_arrival_loop, layout_basic, minivault_11
D:2:      layout_basic, kennysheep_nondescript, grunt_decor_cap,
          minmay_misc_feat_columns, uniq_terence

Action                   || total
-------------------------++-------
Melee: Hand axe          ||    32
       Headbutt          ||     6
Invok: Berserk           ||     1
 Stab: Sleeping          ||     1
Armor: Animal skin       ||     1
Dodge: Dodged            ||    16
Block: Tower shield      ||     5
